| TOP OF THE 1ST |
|
Orlando Devil Rays batting - Pitching for Cincinnati Reds : RHP Mike Mussina
|
|
Pitching: RHP Mike Mussina
|
|
|
Batting: RHB Craig Biggio
|
0-0: Called Strike 0-1: Fly out, F8 (Line Drive, 8LD, EV 84.4 MPH)
|
|
Batting: RHB Ivan Rodriguez
|
0-0: Called Strike 0-1: Ball 1-1: Called Strike 1-2: Ball 2-2: Strikes out looking
|
|
Batting: RHB Jeff Bagwell
|
0-0: Ball 1-0: Called Strike 1-1: Swinging Strike 1-2: Strikes out swinging
|
| Top of the 1st over - 0 runs, 0 hits, 0 errors, 0 left on base; Orlando 0 - Cincinnati 0 |
| BOTTOM OF THE 1ST |
|
Cincinnati Reds batting - Pitching for Orlando Devil Rays : RHP Eric King
|
|
Pitching: RHP Eric King
|
|
|
Batting: LHB Fernando Vina
|
0-0: Fly out, F7 (Flyball, 7, EV 76.3 MPH)
|
|
Batting: RHB Scott Rolen
|
0-0: Foul Ball, location: 2F 0-1: DOUBLE (Line Drive, 8LXD, EV 103.8 MPH)
|
|
Batting: LHB Bobby Higginson
|
0-0: Called Strike 0-1: Ball 1-1: SINGLE (Flyball, 7LS, EV 96.3 MPH) Scott Rolen to third
|
|
Batting: LHB Fred McGriff
|
0-0: Ball Bobby Higginson steals 2nd base 1-0: Swinging Strike 1-1: Foul Ball, location: 2F 1-2: Strikes out swinging
|
|
Batting: LHB Matt Lawton
|
0-0: Ball 1-0: Called Strike 1-1: Ball 2-1: Ball 3-1: Base on Balls
|
|
Batting: SHB Scott Spiezio
|
0-0: Ball 1-0: Ball 2-0: Called Strike 2-1: Reached on error, E7 (Line Drive, 7, EV 98.8 MPH) Scott Rolen scores Bobby Higginson scores Matt Lawton to third
|
|
Batting: LHB Dave Nilsson
|
0-0: Foul Ball, location: 2F 0-1: Ground out 4-3 (Groundball, 4, EV 108.8 MPH)
|
| Bottom of the 1st over - 2 runs, 2 hits, 1 error, 2 left on base; Orlando 0 - Cincinnati 2 |
| TOP OF THE 2ND |
|
Orlando Devil Rays batting - Pitching for Cincinnati Reds : RHP Mike Mussina
|
|
Batting: RHB Tim Salmon
|
0-0: Called Strike 0-1: Called Strike 0-2: Foul Ball, location: 2F 0-2: Ball 1-2: Foul Ball, location: 2F 1-2: Strikes out swinging
|
|
Batting: LHB Paul O'Neill
|
0-0: Ball 1-0: Foul Ball, location: 2F 1-1: Ball 2-1: Foul Ball, location: 2F 2-2: Strikes out swinging
|
|
Batting: RHB Ron Gant
|
0-0: Ball 1-0: Called Strike 1-1: Swinging Strike 1-2: Strikes out swinging, 2-3 out at first.
|
| Top of the 2nd over - 0 runs, 0 hits, 0 errors, 0 left on base; Orlando 0 - Cincinnati 2 |
| BOTTOM OF THE 2ND |
|
Cincinnati Reds batting - Pitching for Orlando Devil Rays : RHP Eric King
|
|
Batting: SHB Omar Vizquel
|
0-0: Ball 1-0: Ball 2-0: Called Strike 2-1: Fly out, F8 (Flyball, 8RM, EV 75.0 MPH)
|
|
Batting: SHB Dwayne Hosey
|
0-0: Called Strike 0-1: Ball 1-1: Ball 2-1: Ball 3-1: Foul Ball, location: 2F 3-2: Base on Balls
|
|
Batting: LHB Fernando Vina
|
0-0: Ball 1-0: Foul Ball, location: 2F 1-1: Foul Ball, location: 2F 1-2: Ball 2-2: Ball 3-2: Base on Balls Dwayne Hosey to second
|
|
Batting: RHB Scott Rolen
|
0-0: Called Strike 0-1: Ball 1-1: Ball 2-1: Swinging Strike 2-2: Strikes out swinging
|
|
Batting: LHB Bobby Higginson
|
0-0: SINGLE (Line Drive, 8RS, EV 108.8 MPH) Dwayne Hosey to third Fernando Vina to second Runner from 3rd tries for Home, SAFE, throw by CF to home
|
|
Batting: LHB Fred McGriff
|
0-0: Called Strike 0-1: Swinging Strike 0-2: Strikes out swinging
|
| Bottom of the 2nd over - 1 run, 1 hit, 0 errors, 2 left on base; Orlando 0 - Cincinnati 3 |
| TOP OF THE 3RD |
|
Orlando Devil Rays batting - Pitching for Cincinnati Reds : RHP Mike Mussina
|
|
Batting: LHB Lenny Dykstra
|
0-0: Swinging Strike 0-1: Foul Ball, location: 2F 0-2: Ball 1-2: Strikes out swinging
|
|
Batting: SHB Jose Valentin
|
0-0: Ball 1-0: Foul Ball, location: 2F 1-1: Ball 2-1: Ball 3-1: SINGLE (Groundball, 34D, EV 107.5 MPH)
|
|
Batting: SHB Jose Oquendo
|
0-0: Called Strike 0-1: Ball 1-1: Ball Pickoff Throw to First - Out! 1-3 2-1: Ball 3-1: Base on Balls
|
|
Batting: RHB Craig Biggio
|
0-0: Ground out 4-3 (Groundball, 34, EV 86.9 MPH)
|
| Top of the 3rd over - 0 runs, 1 hit, 0 errors, 1 left on base; Orlando 0 - Cincinnati 3 |
| BOTTOM OF THE 3RD |
|
Cincinnati Reds batting - Pitching for Orlando Devil Rays : RHP Eric King
|
|
Batting: LHB Matt Lawton
|
0-0: Called Strike 0-1: Foul Ball, location: 2F 0-2: Hit by Pitch
|
|
Batting: SHB Scott Spiezio
|
0-0: Ball 1-0: Ball 2-0: Called Strike Pickoff Throw by Catcher to First - Out! 2-1: Ball 3-1: Foul Ball, location: 2F 3-2: Foul Ball, location: 2F 3-2: Foul Ball, location: 2F 3-2: Fly out, F9 (Line Drive, 9D, EV 90.0 MPH)
|
|
Batting: LHB Dave Nilsson
|
0-0: Ball 1-0: Foul Ball, location: 2F 1-1: Ball 2-1: Called Strike 2-2: Foul Ball, location: 2F 2-2: Ball 3-2: Base on Balls
|
|
Batting: SHB Omar Vizquel
|
0-0: Foul Ball, location: 2F 0-1: Ground out 4-3 (Groundball, 4, EV 88.8 MPH)
|
| Bottom of the 3rd over - 0 runs, 0 hits, 0 errors, 1 left on base; Orlando 0 - Cincinnati 3 |
| TOP OF THE 4TH |
|
Orlando Devil Rays batting - Pitching for Cincinnati Reds : RHP Mike Mussina
|
|
Batting: RHB Ivan Rodriguez
|
0-0: Ball 1-0: Called Strike 1-1: Ball 2-1: Ground out 4-3 (Groundball, 4, EV 78.8 MPH)
|
|
Batting: RHB Jeff Bagwell
|
0-0: Called Strike 0-1: Ball 1-1: Called Strike 1-2: Strikes out swinging
|
|
Batting: RHB Tim Salmon
|
0-0: Called Strike 0-1: Called Strike 0-2: Strikes out swinging
|
| Top of the 4th over - 0 runs, 0 hits, 0 errors, 0 left on base; Orlando 0 - Cincinnati 3 |
| BOTTOM OF THE 4TH |
|
Cincinnati Reds batting - Pitching for Orlando Devil Rays : RHP Eric King
|
|
Batting: SHB Dwayne Hosey
|
0-0: Ball 1-0: Called Strike 1-1: Foul Ball, location: 2F 1-2: Hit by Pitch
|
|
Batting: LHB Fernando Vina
|
0-0: Ball 1-0: Bunt missed! 1-1: Sac Bunt to 15S - play at first, batter OUT! 1-4 Dwayne Hosey to second
|
|
Batting: RHB Scott Rolen
|
0-0: Called Strike Dwayne Hosey steals 3rd base 0-1: Ball 1-1: Ball Passed Ball! Dwayne Hosey scores 2-1: Foul Ball, location: 2F 2-2: Ground out 6-3 (Groundball, 6, EV 84.4 MPH)
|
|
Batting: LHB Bobby Higginson
|
0-0: Ball 1-0: Called Strike 1-1: Called Strike 1-2: Ground out 4-3 (Groundball, 4, EV 103.1 MPH)
|
| Bottom of the 4th over - 1 run, 0 hits, 0 errors, 0 left on base; Orlando 0 - Cincinnati 4 |
| TOP OF THE 5TH |
|
Orlando Devil Rays batting - Pitching for Cincinnati Reds : RHP Mike Mussina
|
|
Batting: LHB Paul O'Neill
|
0-0: Called Strike 0-1: Ball 1-1: Ball 2-1: Foul Ball, location: 2F 2-2: SOLO HOME RUN (Flyball, 9D, EV 98.1 MPH), Distance : 386 ft
|
|
Batting: RHB Ron Gant
|
0-0: Ball 1-0: Ball 2-0: Foul Ball, location: 2F 2-1: Foul Ball, location: 2F 2-2: Foul Ball, location: 2F 2-2: Ball 3-2: Foul Ball, location: 2F 3-2: Base on Balls
|
|
Batting: LHB Lenny Dykstra
|
0-0: Ball 1-0: Bunt missed! 1-1: Bunt missed! 1-2: Strikes out swinging
|
|
Batting: SHB Jose Valentin
|
0-0: Ball 1-0: Fly out, F8 (Flyball, 8RD, EV 83.8 MPH)
|
|
Batting: SHB Jose Oquendo
|
0-0: Called Strike 0-1: Ball 1-1: Ball 2-1: Foul Ball, location: 2F 2-2: Ground out 4-3 (Groundball, 4, EV 80.0 MPH)
|
| Top of the 5th over - 1 run, 1 hit, 0 errors, 1 left on base; Orlando 1 - Cincinnati 4 |
| BOTTOM OF THE 5TH |
|
Cincinnati Reds batting - Pitching for Orlando Devil Rays : RHP Eric King
|
|
Batting: LHB Fred McGriff
|
0-0: Called Strike 0-1: Ball 1-1: Fly out, F7 (Flyball, 7LSF, EV 100.0 MPH)
|
|
Batting: LHB Matt Lawton
|
0-0: Swinging Strike 0-1: Swinging Strike 0-2: Ball 1-2: Ground out 4-3 (Groundball, 4, EV 107.5 MPH)
|
|
Batting: SHB Scott Spiezio
|
0-0: Foul Ball, location: 2F 0-1: Swinging Strike 0-2: Ground out 1-3 (Groundball, 15S, EV 67.5 MPH)
|
| Bottom of the 5th over - 0 runs, 0 hits, 0 errors, 0 left on base; Orlando 1 - Cincinnati 4 |
| TOP OF THE 6TH |
|
Orlando Devil Rays batting - Pitching for Cincinnati Reds : RHP Mike Mussina
|
|
Batting: RHB Craig Biggio
|
0-0: Foul Ball, location: 2F 0-1: Swinging Strike 0-2: Ball 1-2: Ball 2-2: Strikes out swinging
|
|
Batting: RHB Ivan Rodriguez
|
0-0: Fly out, F8 (Line Drive, 8LD, EV 95.6 MPH)
|
|
Batting: RHB Jeff Bagwell
|
0-0: Called Strike 0-1: Called Strike 0-2: Strikes out looking
|
| Top of the 6th over - 0 runs, 0 hits, 0 errors, 0 left on base; Orlando 1 - Cincinnati 4 |
| BOTTOM OF THE 6TH |
|
Cincinnati Reds batting - Pitching for Orlando Devil Rays : RHP Eric King
|
|
Batting: LHB Dave Nilsson
|
0-0: Called Strike 0-1: Ball 1-1: Foul Ball, location: 2F 1-2: Ball 2-2: SOLO HOME RUN (Line Drive, 89XD, EV 105.0 MPH), Distance : 403 ft
|
|
Batting: SHB Omar Vizquel
|
0-0: Ground out 4-3 (Groundball, 4, EV 86.9 MPH)
|
|
Batting: SHB Dwayne Hosey
|
0-0: Foul Ball, location: 2F 0-1: Ball 1-1: Ball 2-1: Fly out, F8 (Flyball, 89M, EV 96.9 MPH)
|
|
Batting: LHB Fernando Vina
|
0-0: Fly out, F6 (Line Drive, 6, EV 65.6 MPH)
|
| Bottom of the 6th over - 1 run, 1 hit, 0 errors, 0 left on base; Orlando 1 - Cincinnati 5 |
| TOP OF THE 7TH |
|
Orlando Devil Rays batting - Pitching for Cincinnati Reds : RHP Mike Mussina
|
|
Batting: RHB Tim Salmon
|
0-0: Foul Ball, location: 2F 0-1: Swinging Strike 0-2: Strikes out looking
|
|
Batting: LHB Paul O'Neill
|
0-0: Called Strike 0-1: Swinging Strike 0-2: Ball 1-2: Strikes out swinging
|
|
Batting: RHB Ron Gant
|
0-0: Called Strike 0-1: Ball 1-1: Swinging Strike 1-2: Fly out, F8 (Flyball, 8RS, EV 71.3 MPH)
|
| Top of the 7th over - 0 runs, 0 hits, 0 errors, 0 left on base; Orlando 1 - Cincinnati 5 |
| BOTTOM OF THE 7TH |
|
Cincinnati Reds batting - Pitching for Orlando Devil Rays : RHP Eric King
|
|
Batting: RHB Scott Rolen
|
0-0: Ball 1-0: Ball 2-0: Ball 3-0: Base on Balls
|
|
Pitching: LHP Alan Embree
|
|
|
Batting: LHB Bobby Higginson
|
0-0: Foul Ball, location: 2F 0-1: Ball 1-1: Swinging Strike 1-2: Ball 2-2: Foul Ball, location: 2F 2-2: Strikes out looking
|
|
Batting: LHB Fred McGriff
|
0-0: Ball 1-0: Ball 2-0: Called Strike 2-1: Foul Ball, location: 2F 2-2: Strikes out swinging
|
|
Batting: LHB Matt Lawton
|
0-0: Ball 1-0: Ball 2-0: Foul Ball, location: 2F 2-1: Ball 3-1: Fly out, F7 (Flyball, 78S, EV 90.0 MPH)
|
| Bottom of the 7th over - 0 runs, 0 hits, 0 errors, 1 left on base; Orlando 1 - Cincinnati 5 |
| TOP OF THE 8TH |
|
Orlando Devil Rays batting - Pitching for Cincinnati Reds : RHP Mike Mussina
|
|
Batting: LHB Lenny Dykstra
|
0-0: SINGLE (Groundball, 34D, EV 105.0 MPH)
|
|
Batting: SHB Jose Valentin
|
0-0: Ball 1-0: Ball 2-0: DOUBLE (Line Drive, 78D, EV 111.3 MPH) Lenny Dykstra to third Runner from 3rd tries for Home, SAFE, no throw by CF
|
|
Batting: SHB Jose Oquendo
|
0-0: Called Strike 0-1: Foul Ball, location: 2F 0-2: Ball 1-2: Ball 2-2: Ball Wild Pitch! Jose Valentin to third 3-2: Foul Ball, location: 2F 3-2: Base on Balls
|
|
Batting: RHB Craig Biggio
|
0-0: Called Strike 0-1: DOUBLE (Groundball, 5L, EV 104.4 MPH) Jose Valentin scores Jose Oquendo to third
|
|
Pitching: RHP Doug Henry
|
|
|
Batting: RHB Ivan Rodriguez
|
0-0: Called Strike 0-1: Swinging Strike 0-2: Strikes out swinging
|
|
Batting: RHB Jeff Bagwell
|
0-0: Ground out U3 (Groundball, 34, EV 81.3 MPH) Jose Oquendo scores Craig Biggio to third
|
|
Batting: RHB Tim Salmon
|
0-0: Ball 1-0: Ground out U3 (Groundball, 3, EV 103.8 MPH)
|
| Top of the 8th over - 3 runs, 3 hits, 0 errors, 1 left on base; Orlando 4 - Cincinnati 5 |
| BOTTOM OF THE 8TH |
|
Cincinnati Reds batting - Pitching for Orlando Devil Rays : LHP Alan Embree
|
|
Batting: SHB Scott Spiezio
|
0-0: Fly out, F3 (Popup, 3S, EV 73.1 MPH)
|
|
Batting: LHB Dave Nilsson
|
0-0: Ball 1-0: Foul Ball, location: 2F 1-1: Ball 2-1: Ground out 1-3 (Groundball, 34S, EV 66.9 MPH)
|
|
Batting: SHB Omar Vizquel
|
0-0: Swinging Strike 0-1: Ground out 6-3 (Groundball, 6, EV 85.6 MPH)
|
| Bottom of the 8th over - 0 runs, 0 hits, 0 errors, 0 left on base; Orlando 4 - Cincinnati 5 |
| TOP OF THE 9TH |
|
Orlando Devil Rays batting - Pitching for Cincinnati Reds : RHP Doug Henry
|
|
Batting: LHB Paul O'Neill
|
0-0: Called Strike 0-1: Ball 1-1: Ground out 4-3 (Groundball, 4, EV 81.9 MPH)
|
|
Batting: RHB Ron Gant
|
0-0: Ball 1-0: SOLO HOME RUN (Flyball, 78XD, EV 101.3 MPH), Distance : 448 ft
|
|
Batting: LHB Lenny Dykstra
|
0-0: Foul Ball, location: 2F 0-1: Ball 1-1: Foul Ball, location: 2F 1-2: Strikes out looking
|
|
Batting: SHB Jose Valentin
|
0-0: Called Strike 0-1: Ball 1-1: Swinging Strike 1-2: Foul Ball, location: 2F 1-2: Strikes out swinging
|
| Top of the 9th over - 1 run, 1 hit, 0 errors, 0 left on base; Orlando 5 - Cincinnati 5 |
| BOTTOM OF THE 9TH |
|
Cincinnati Reds batting - Pitching for Orlando Devil Rays : LHP Alan Embree
|
|
Pinch Hitting: RHB Javy Lopez
|
0-0: Called Strike 0-1: Ground out 6-3 (Groundball, 4M, EV 95.0 MPH)
|
|
Pinch Hitting: SHB Bernie Williams
|
0-0: Ball 1-0: Foul Ball, location: 2F 1-1: Called Strike 1-2: Ball 2-2: Ball 3-2: Base on Balls
|
|
Pitching: RHP Alan Benes
|
|
|
Batting: RHB Scott Rolen
|
0-0: Foul Ball, location: 2F 0-1: Foul Ball, location: 2F 0-2: Ball 1-2: Hit by Pitch Bernie Williams to second
|
|
Batting: LHB Bobby Higginson
|
0-0: Fly out, F8 (Line Drive, 8LM, EV 91.9 MPH)
|
|
Batting: LHB Fred McGriff
|
0-0: Foul Ball, location: 2F 0-1: Swinging Strike 0-2: Strikes out swinging
|
| Bottom of the 9th over - 0 runs, 0 hits, 0 errors, 2 left on base; Orlando 5 - Cincinnati 5 |
| TOP OF THE 10TH |
|
Orlando Devil Rays batting - Pitching for Cincinnati Reds : RHP Doug Henry
|
|
Pitching: LHP Felix Heredia
|
|
|
Now at 2B: Jose Offerman
|
|
|
Now in CF: Bernie Williams
|
|
|
Batting: SHB Jose Oquendo
|
0-0: Called Strike 0-1: Ball 1-1: Swinging Strike 1-2: Foul Ball, location: 2F 1-2: Strikes out swinging
|
|
Batting: RHB Craig Biggio
|
0-0: Ball 1-0: Foul Ball, location: 2F 1-1: Ball 2-1: Foul Ball, location: 2F 2-2: Ground out 1-3 (Groundball, P, EV 70.0 MPH)
|
|
Batting: RHB Ivan Rodriguez
|
0-0: Foul Ball, location: 2F 0-1: Ball 1-1: Ball 2-1: Foul Ball, location: 2F 2-2: Ball 3-2: Fly out, F9 (Flyball, 9D, EV 73.8 MPH)
|
| Top of the 10th over - 0 runs, 0 hits, 0 errors, 0 left on base; Orlando 5 - Cincinnati 5 |
| BOTTOM OF THE 10TH |
|
Cincinnati Reds batting - Pitching for Orlando Devil Rays : RHP Alan Benes
|
|
Batting: LHB Matt Lawton
|
0-0: Foul Ball, location: 2F 0-1: Fly out, F8 (Flyball, 8RS, EV 96.9 MPH)
|
|
Batting: SHB Scott Spiezio
|
0-0: Ball 1-0: Foul Ball, location: 2F 1-1: Foul Ball, location: 2F 1-2: Strikes out swinging
|
|
Batting: LHB Dave Nilsson
|
0-0: Ball 1-0: Fly out, F9 (Flyball, 9LM, EV 76.9 MPH)
|
| Bottom of the 10th over - 0 runs, 0 hits, 0 errors, 0 left on base; Orlando 5 - Cincinnati 5 |
| TOP OF THE 11TH |
|
Orlando Devil Rays batting - Pitching for Cincinnati Reds : LHP Felix Heredia
|
|
Batting: RHB Jeff Bagwell
|
0-0: Called Strike 0-1: Ball 1-1: Foul Ball, location: 2F 1-2: Foul Ball, location: 2F 1-2: Foul Ball, location: 2F 1-2: SINGLE (Line Drive, 78M, EV 87.5 MPH)
|
|
Batting: RHB Tim Salmon
|
0-0: Called Strike 0-1: Ball 1-1: 2-RUN HOME RUN (Flyball, 78XD, EV 95.6 MPH), Distance : 391 ft
|
|
Batting: LHB Paul O'Neill
|
0-0: Ball 1-0: Foul Ball, location: 2F 1-1: Ball 2-1: Ball 3-1: Base on Balls
|
|
Batting: RHB Ron Gant
|
0-0: Bunt missed! 0-1: Ball 1-1: Sac Bunt to 15 - play at first, batter OUT! 1-4 Paul O'Neill to second
|
|
Batting: LHB Lenny Dykstra
|
0-0: Ground out 4-3 (Groundball, 4M, EV 101.9 MPH) Paul O'Neill to third
|
|
Batting: SHB Jose Valentin
|
0-0: Ball 1-0: Swinging Strike 1-1: Called Strike 1-2: Ball 2-2: Strikes out looking
|
| Top of the 11th over - 2 runs, 2 hits, 0 errors, 1 left on base; Orlando 7 - Cincinnati 5 |
| BOTTOM OF THE 11TH |
|
Cincinnati Reds batting - Pitching for Orlando Devil Rays : RHP Alan Benes
|
|
Pitching: LHP Frank DiPino
|
|
|
Batting: SHB Omar Vizquel
|
0-0: Called Strike 0-1: Ball 1-1: SINGLE (Groundball, 4, EV 80.6 MPH) (infield hit)
|
|
Batting: SHB Jose Offerman
|
0-0: Ball 1-0: Foul Ball, location: 2F 1-1: Foul Ball, location: 2F 1-2: Strikes out swinging
|
|
Batting: SHB Bernie Williams
|
0-0: Grounds into double play, 6-4-3 (Groundball, 6, EV 101.3 MPH)
|
| Bottom of the 11th over - 0 runs, 1 hit, 0 errors, 0 left on base; Orlando 7 - Cincinnati 5 |
|